 Dungeon Crawl Stone Soup version 0.31.0-12-g77e489cdc1 (webtiles) character file.

Game seed: 713158988236431358

2519 BobbyRooster the Cleaver (level 9, -2/81 HPs)
             Began as a Hill Orc Berserker on Feb 21, 2024.
             Was an Elder of Trog.
             Slain by Erica
             ... wielding a +3 scimitar of flaming
              (10 damage)
             ... on level 8 of the Dungeon on Feb 23, 2024.
             The game lasted 00:27:15 (8113 turns).

BobbyRooster the Cleaver (Hill Orc Berserker)       Turns: 8113, Time: 00:27:16

Health: -2/81      AC: 15    Str: 22 (24) XL:     9   Next: 54%
Magic:  9/9        EV:  6    Int:  6 (7)  God:    Trog [****..]
Gold:   532        SH:  0    Dex: 10      Spells: 8/8 levels left

rFire   + . .        s - +2 war axe (elec)
rCold   + + .        (no shield)
rNeg    + . .        k - +3 chain mail {rC+}
rPois   .            (no helmet)
rElec   .            m - scarf {rC+ rF+}
rCorr   .            (no gloves)
SInv    .            f - +0 pair of boots
Will    .....        c - amulet of faith Stlth
                     d - ring of positive energy
HPRegen 0.33/turn    (no ring)
MPRegen 0.11/turn

%: faith
@: slowed, constricted, very slow
A: no striking features
a: Renounce Religion, Berserk, Trog's Hand, Brothers in Arms


You were on level 8 of the Dungeon.
You worshipped Trog.
Trog was greatly pleased with you.
You visited 2 branches of the dungeon, and saw 9 of its levels.
You also visited: Sewer.

You collected 532 gold pieces.

Inventory:

Hand Weapons
 l - a +0 sling
 s - a +2 war axe of electrocution (weapon)
Missiles
 g - 3 curare-tipped darts (quivered)
Armour
 f - a +0 pair of boots (worn)
 k - a +3 chain mail of cold resistance (worn)
 m - a scarf of resistance (worn)
 A - +0 steam dragon scales
Jewellery
 c - an amulet of faith (around neck)
 d - a ring of positive energy (left hand)
 q - a +6 ring of intelligence
Talismans
 n - a maw talisman
Wands
 p - a wand of mindburst (42)
 t - a wand of acid (14)
Scrolls
 a - a scroll of enchant weapon
 e - 9 scrolls of teleportation
 o - a scroll of identify
 v - 2 scrolls of vulnerability
 y - 3 scrolls of fear
 z - a scroll of immolation
 B - a scroll of summoning {unknown}
 C - a scroll of poison {unknown}
Potions
 b - a potion of might {unknown}
 h - 2 potions of enlightenment
 i - 4 potions of attraction
 j - 6 potions of haste
 r - a potion of resistance
 u - a potion of heal wounds
 w - a potion of curing
Miscellaneous
 x - a phial of floods


   Skills:
 + Level 7.8 Fighting
 + Level 11.9 Axes
 + Level 7.4 Armour
 + Level 2.4 Dodging
 + Level 1.1 Stealth


You had 8 spell levels left.
You didn't know any spells.
Your spell library contained the following spells:

 Spells                   Type           Power      Damage    Failure   Level
 Kiss of Death            Conj/Necr      0%         2d5       95%         1
 Cigotuvi's Dreadful Rot  Necr/Alch/Air  0%         N/A       99%         2
 Lesser Beckoning         Tloc           0%         N/A       99%         2
 Confusing Touch          Hex            0%         N/A       100%        3
 Gell's Gravitas          Tloc           0%         N/A       100%        3
 Swiftness                Air            0%         N/A       100%        3
 Teleport Other           Tloc           0%         N/A       100%        3
 Dispel Undead            Necr           0%         3d6       100%        4
 Plasma Beam              Fire/Air       0%         2x1d10    100%        6
 Maxwell's Capacitive Co  Air            0%         ∞         100%        8


Dungeon Overview and Level Annotations

Branches:
Dungeon (8/15)             Temple (1/1) D:7           Sewer (visited)
   Lair: D:8-11

Altars:
Cheibriados
Dithmenos
Elyvilon
Fedhas
Gozag
Hepliaklqana
Kikubaaqudgha
Makhleb
Nemelex Xobeh
Okawaru
Qazlal
Ru
Sif Muna
Trog
Uskayaw
Vehumet
Wu Jian
Xom
Yredelemnul
Zin
The Shining One

Shops:
D:3 :

Annotations:
D:8 Erica


Message History

You feel your strength returning.
Found 6 stones.
Found an escape hatch in the ceiling.
Erica the Fiery-Tempered comes into view.
She is wielding a +3 scimitar of flaming.
Erica shouts!
You hear an angry hiss.
Erica casts a spell.
Erica flickers and vanishes!
Deactivating autopickup; reactivate with Ctrl-A.
You see here 19 gold pieces.
A wyvern comes into view.
The wyvern hisses angrily.
You feel yourself slow down.
You see here 19 gold pieces.
You now have 532 gold pieces (gained 19).
You feel as though you will be slow longer.
The wyvern bites you but does no damage.
The wyvern bites you.
You slash the wyvern!
The wyvern is moderately wounded.
The wyvern bites you but does no damage.
The wyvern bites you.
You closely miss the wyvern.
The wyvern is moderately wounded.
You completely miss something.
The wyvern bites you. x2; Something hits you.
Something grabs you.
You are constricted.
You hit the wyvern. You punch the wyvern, but do no damage.
The wyvern is heavily wounded.
You closely miss something. The wyvern bites you! Something hits you!
You are constricted.
The wyvern bites you but does no damage.
You slash the wyvern! Lightning courses through the wyvern!
The wyvern is almost dead.
You barely miss something. The wyvern bites you! Something hits you!
* * * LOW HITPOINT WARNING * * *
Something burns you.
* * * LOW HITPOINT WARNING * * *
You are constricted.
The wyvern bites you!
* * * LOW HITPOINT WARNING * * *
Something hits you!
You die...

.........## #.#
#...#####
......##..##
#####.#
#.......###
...###
#...###....#
#)........# #.#
##..##.....#
##......... #.
#.........##
#.........
#..........##
#.........
##.(........##
##........
#...........#
#........
#......k@....#
##.......
#.....<.......#
#.......
#............##
##......
.............##
##.....
..#.........##
###...
..........###
##.. .#####..##
### ##. #


You could see a wyvern.

Vanquished Creatures
  An unseen horror (D:8)
  The ghost of mkat the Chiller, an amateur BaIE of Ru (D:3)
  A steam dragon (D:6)
  Edmund (D:5)
  An ice beast (D:8)
  Pargi (Sewer)
  2 ogres
  2 centaurs
  A phantom (D:5)
  A kobold brigand (D:6)
  A wyvern skeleton (D:3)
  5 killer bees (D:8)
  A bullfrog zombie (D:3)
  3 hounds
  3 jellies (D:5)
  5 orc priests
  A centaur skeleton (D:3)
  3 iguanas (D:5)
  A sleepcap (D:6)
  A bullfrog skeleton (D:3)
  Natasha (twice) (D:2)
  4 orc wizards (D:6)
  7 gnolls
  3 adders
  2 river rats (D:6)
  3 white imps
  A ribbon worm (D:5)
  4 dart slugs
  25 orcs
  5 ball pythons
  9 endoplasms
  3 giant cockroaches
  4 goblins
  6 hobgoblins
  15 jackals
  2 quokkas (D:4)
  A bat (D:1)
  A frilled lizard (D:2)
  9 kobolds
  4 rats
146 creatures vanquished.

Notes
Turn   | Place    | Note
-------+----------+-------------------------------------------
     0 | D:1      | BobbyRooster the Hill Orc Berserker began the quest for the
                  | Orb.
     0 | D:1      | Reached XP level 1. HP: 19/19 MP: 1/1
   173 | D:1      | Reached XP level 2. HP: 26/27 MP: 2/2
   597 | D:1      | Reached XP level 3. HP: 29/33 MP: 3/3
  1495 | D:1      | Got the Annotations on Breath
  1830 | D:2      | Reached ** piety under Trog
  1861 | D:2      | Reached skill level 5 in Axes
  1943 | D:2      | Found a faded altar of an unknown god.
  1949 | D:2      | Reached XP level 4. HP: 39/41 MP: 4/4
  1981 | D:2      | Noticed Natasha
  1989 | D:2      | Killed Natasha
  2204 | D:3      | Found Riwuotsy's Book Shop.
  2403 | D:2      | Noticed Natasha
  2412 | D:2      | Killed Natasha
  2455 | D:3      | Reached XP level 5. HP: 46/47 MP: 5/5
  2667 | D:3      | Found a runed translucent gate.
  2668 | D:3      | Found a runed translucent gate.
  2671 | D:3      | Found a runed translucent gate.
  2672 | D:3      | Noticed mkat's ghost (amateur BaIE)
  3128 | D:3      | Reached skill level 6 in Axes
  3133 | D:3      | Killed mkat's ghost
  3134 | D:3      | Reached skill level 5 in Fighting
  3134 | D:3      | Reached skill level 7 in Axes
  3134 | D:3      | Reached XP level 6. HP: 56/56 MP: 6/6
  3138 | D:3      | Reached skill level 1 in Stealth
  3138 | D:3      | Reached XP level 7. HP: 61/61 MP: 7/7
  3764 | D:4      | Reached skill level 8 in Axes
  4088 | D:5      | Entered Level 5 of the Dungeon
  4375 | D:5      | Reached *** piety under Trog
  4583 | D:5      | Reached skill level 5 in Armour
  4616 | D:5      | Reached XP level 8. HP: 65/70 MP: 8/8
  4660 | D:5      | Noticed Edmund
  4667 | D:5      | Killed Edmund
  4668 | D:5      | Reached skill level 9 in Axes
  5426 | D:6      | Reached **** piety under Trog
  5427 | D:6      | Reached skill level 10 in Axes
  5439 | D:6      | Found a glowing drain.
  5451 | Sewer    | Entered a sewer
  5507 | Sewer    | Noticed Pargi
  5512 | Sewer    | Killed Pargi
  6035 | D:6      | Reached skill level 11 in Axes
  6035 | D:6      | Reached XP level 9. HP: 76/79 MP: 9/9
  6626 | D:7      | Found a staircase to the Ecumenical Temple.
  6659 | Temple   | Entered the Ecumenical Temple
  7679 | D:8      | Killed an unseen horror
  8101 | D:8      | Noticed Erica
  8113 | D:8      | Slain by Erica

Illustrated notes

Levels and vault maps discovered:
D:1:      shiori_arrival_elements, layout_rooms, serial_curves, eino_curves_01,
          eino_curves_03, kennysheep_nondescript, dreamdust_princess_corridor,
          minmay_misc_feat_alley
D:2:      layout_basic, hellmonk_ecumenical_altar_dog_temple,
          nicolae_half_adder, uniq_natasha
D:3:      layout_basic, gammafunk_ghost_necromancy, serial_shops, shop
D:4:      layout_rooms
D:5:      layout_loops_ring, minmay_holes, uniq_edmund
D:6:      layout_rooms, portal_sewer_entry_b
D:7:      layout_loops_ring, minmay_temple_entry_offerings,
          corexii_corridor_pit, minmay_gold_behind_fungi
D:8:      layout_cave_pods, uniq_erica
Temple:   mainiacjoe_temple_trianglar_array

Skill      XL: |  1  2  3  4  5  6  7  8  9 |
---------------+----------------------------+-----
Fighting       | 4 5 6 7 |  7.8
Axes           | 5 7 8 11 | 11.9
Armour         | 3 5 6 7 |  7.4
Dodging        | 2 |  2.4
Stealth        | 1 |  1.1

Action                     |  1- 3 |  4- 6 |  7- 9 || total
---------------------------+-------+-------+-------++-------
  Melee: Hand axe          |    89 |    49 |    64 ||   202
         Punch             |     2 |       |     4 ||     6
         War axe           |       |       |   186 ||   186
 Invoke: Berserk           |       |     2 |     2 ||     4
         Trog's Hand       |       |       |     1 ||     1
    Use: Scroll            |       |     9 |     6 ||    15
         Potion            |       |     1 |     2 ||     3
   Stab: Sleeping          |     1 |       |       ||     1
 Armour: Animal skin       |    15 |       |       ||    15
         Plate armour      |    46 |    40 |    97 ||   183
         Chain mail        |       |       |   159 ||   159
  Dodge: Dodged            |    30 |    15 |   100 ||   145
